AoeStats
← Luchiansky

Arabia

510922206Analyzed
1v1 RM · 16h ago on Oct 3, 2026· 43m 31s· 2 players
Game mode
Random Map
Map size
Tiny (2 player)
Population
200
Speed
Normal
Resources
Standard
Victory
Conquest
Starting age
Dark Age
Ending age
Imperial Age
RankedLock teamsTeams togetherTeam positionsShared explorationLock speedFull tech treeHidden civsTurbo modeCheats
Victory
Defeat
🇭🇰 Byzantines · Hong Kong SAR China
1157
+19
🇦🇷 Magyars · Argentina
1229
-19
Hot Lemon Water
5:47 Loom
5:53 Loom
9:09 Feudal Age
9:18 Man-at-Arms
9:45 Double-Bit Axe
10:36 Horse Collar
20:36 Castle Age
19:23 Fletching
19:52 Gold Mining
20:39 Crossbowman
21:46 Bow Saw
21:41 Bodkin Arrow
23:44 Ballistics
24:22 Padded Archer Armor
26:19 Wheelbarrow
26:12 Scale Barding Armor
32:29 Chain Barding Armor
33:25 Forging
36:13 Imperial Age
33:59 Hand Cart
33:53 Husbandry
36:34 Iron Casting
36:15 Cavalier
38:10 Plate Barding Armor
38:55 Stone Mining
40:19 Chemistry
41:20 Paladin
42:44 Bracer
42:14 Light Cavalry
43:15 Hussar
Luchiansky
6:54 Loom
9:49 Feudal Age
17:26 Wheelbarrow
21:37 Castle Age
19:40 Gold Mining
20:01 Fletching
20:14 Padded Archer Armor
20:15 Gold Mining
20:45 Bloodlines
20:40 Double-Bit Axe
21:27 Horse Collar
22:48 Padded Archer Armor
22:34 Elite Skirmisher
24:00 Bodkin Arrow
25:30 Bow Saw
26:19 Leather Archer Armor
27:06 Husbandry
28:21 Heavy Plow
29:53 Town Watch
31:29 Gold Shaft Mining
31:53 Ballistics
32:12 Scale Barding Armor
32:47 Stone Mining
33:44 Hand Cart
34:04 Chain Barding Armor
39:43 Imperial Age
37:41 Thumb Ring
37:50 Masonry
40:14 Pikeman
41:14 Scale Mail Armor
41:15 Bracer
41:33 Cavalier
42:05 Halberdier
Connection lost

Rejoining the realm…

Still unreachable

The connection could not be restored.

Session expired

The server has moved on; the page needs a fresh start.